[Event "Team 45 45 League T74"]
[Site "Internet Chess Club"]
[Date "2017.10.12"]
[Round "5"]
[White "RD1974"]
[Black "Andaluz"]
[Result "1-0"]
[WhiteElo "1623"]
[BlackElo "1280"]
[Opening "Sicilian: closed"]
[ECO "B23"]
[Time "13:01:17"]
[TimeControl "2700+45"]

1. e4 c5 2. Nc3 e6 3. g3 g6 4. Bg2 Bg7 5. d3 Nc6 6. Be3 Nd4 7. Nge2 d6 8. O-O
Ne7 9. Qd2 O-O 10. f4 Qc7 11. h3 f5 12. Nd1 Bd7 13. c3 Nxe2+ 14. Qxe2 Bc6 15. g4
Rad8 16. Nf2 b6 17. d4 Qb7 18. Qc2 d5 19. e5 c4 20. Bf3 Qd7 21. Kh2 Rc8 22. h4
Kh8 23. Nh3 h6 24. Rg1 Qe8 25. Rg2 Rg8 26. Rag1 Qf7 27. Qd2 Bd7 28. h5 Kh7 29.
gxf5 gxf5 30. Ng5+ hxg5 31. fxg5 Qf8 32. h6 Bh8 33. Bh5 Ng6 34. Rf2 Qe7 35. Be2
Rcf8 36. Bd1 Rf7 37. Bc2 Rgf8 38. Rf3 Kg8 39. Rgg3 Kh7 40. Rh3 f4 41. Bxg6+ Kxg6
42. Bxf4 Kh7 43. g6+ Kxg6 44. Qc2+ Rf5 45. Rfg3+ {Black forfeits on time} 1-0

[Event "Team 45 45 League T74"]
[Site "Internet Chess Club"]
[Date "2017.10.14"]
[Round "5"]
[White "cool64chess"]
[Black "Fianchettoed"]
[Result "1-0"]
[WhiteElo "1942"]
[BlackElo "1781"]
[Opening "Grünfeld: exchange, Spassky variation"]
[ECO "D87"]
[Time "08:01:23"]
[TimeControl "2700+45"]

1. d4 Nf6 2. c4 g6 3. Nc3 d5 4. cxd5 Nxd5 5. e4 Nxc3 6. bxc3 Bg7 7. Bc4 O-O 8.
Ne2 c5 9. O-O Nc6 10. Be3 Qc7 11. Rc1 Rd8 12. Bf4 e5 13. Bg3 Qe7 14. d5 Na5 15.
Bd3 c4 16. Bb1 b6 17. f4 Bg4 18. h3 Bxe2 19. Qxe2 exf4 20. Bxf4 Rxd5 21. Qf3 Rd7
22. e5 Rad8 23. Rce1 Nb7 24. Qg4 Qe6 25. Qg3 Nc5 26. Bg5 Nd3 27. Bxd8 Nxe1 28.
Bf5 Nf3+ 29. Rxf3 Rd1+ 30. Kh2 Qxe5 31. Bc7 Qc5 32. Re3 Qxf5 33. Re8+ Bf8 34.
Bd6 Rd3 35. Bxf8 {Black resigns} 1-0

[Event "Team 45 45 League T74"]
[Site "Internet Chess Club"]
[Date "2017.10.14"]
[Round "5"]
[White "Zugzwanged"]
[Black "y3LL3r"]
[Result "1-0"]
[WhiteElo "1712"]
[BlackElo "1492"]
[Opening "Sicilian: closed"]
[ECO "B23"]
[Time "15:10:51"]
[TimeControl "2700+45"]

1. e4 c5 2. Nc3 d6 3. f4 g6 4. Nf3 Bg7 5. Bb5+ Bd7 6. O-O a6 7. Bxd7+ Qxd7 8. d3
Nc6 9. Qe2 Nd4 10. Nxd4 cxd4 11. Nd5 Qd8 12. f5 Nf6 13. Nxf6+ Bxf6 14. Bh6 Qb6
15. a4 O-O-O 16. a5 Qc6 17. c3 dxc3 18. bxc3 Kb8 19. Rab1 Bxc3 20. Rfc1 Bd4+ 21.
Be3 Qa4 22. Bxd4 Qxd4+ 23. Kh1 Rc8 24. Rf1 f6 25. Rb6 Rc6 26. Rxc6 bxc6 27. Rb1+
Kc7 28. fxg6 hxg6 29. Qc2 Qe5 30. h3 Qxa5 31. Qb3 Qb5 32. Qa2 Qxd3 33. Qa5+ Kd7
34. Rb7+ Ke6 35. Qa2+ d5 36. exd5+ Qxd5 37. Qe2+ Qe5 38. Qc4+ Qd5 39. Qe2+ Qe5
40. Qc4+ Kf5 41. Qg4# {Black checkmated} 1-0

[Event "Team 45 45 League T74"]
[Site "Internet Chess Club"]
[Date "2017.10.12"]
[Round "5"]
[White "kanishka"]
[Black "bookseller"]
[Result "1/2-1/2"]
[WhiteElo "1591"]
[BlackElo "1694"]
[Opening "Giuoco Pianissimo"]
[ECO "C55"]
[Time "13:04:15"]
[TimeControl "2700+45"]

1. e4 e5 2. Nf3 Nc6 3. Bc4 Nf6 4. d3 Bc5 5. c3 d6 6. h3 h6 7. a4 a6 8. Na3 Ba7
9. Nc2 d5 10. exd5 Nxd5 11. O-O O-O 12. d4 exd4 13. Ncxd4 Nxd4 14. Nxd4 Nf6 15.
Be3 c5 16. Nb3 Qc7 17. Qf3 Bb8 18. g3 Bxh3 19. Rfe1 Bd7 20. Bxh6 Bg4 21. Qf4
Qxf4 22. Bxf4 Bxf4 23. gxf4 b6 24. Re3 Nh5 25. Rae1 Ra7 26. Kh2 g6 27. Rg1 Nf6
28. Re5 Kg7 29. Kg3 Rh8 30. Bf1 Bf5 31. a5 Rb7 32. Kf3 Bc2 33. Nd2 Rd7 34. Nc4
b5 35. Ne3 Bd3 36. Bxd3 Rxd3 37. Rxc5 Rd2 38. b4 Rh3+ 39. Rg3 Rh2 40. Rg2 Rh3+
41. Rg3 Rh2 42. Ng2 Rd3+ 43. Ne3 Rd2 {Game drawn by repetition} 1/2-1/2

[Event "Team 45 45 League T74"]
[Site "Internet Chess Club"]
[Date "2017.10.12"]
[Round "5"]
[White "pokerram"]
[Black "seattleblues"]
[Result "1-0"]
[WhiteElo "1553"]
[BlackElo "1356"]
[Opening "Catalan: closed, 7.Qc2"]
[ECO "E08"]
[Time "19:01:24"]
[TimeControl "2700+45"]

1. Nf3 d5 2. d4 Nf6 3. c4 e6 4. g3 Be7 5. Qc2 O-O 6. Bg2 Nbd7 7. O-O b6 8. cxd5
exd5 9. Nc3 Bb7 10. Bf4 a6 11. Rfe1 Rc8 12. e4 dxe4 13. Ne5 Bb4 14. Rad1 Ba8 15.
Re2 Bd6 16. Nxe4 Nxe4 17. Bxe4 Bxe4 18. Rxe4 Nf6 19. Bg5 h6 20. Bxf6 Qxf6 21.
Nd7 Qg6 22. Nxf8 Kxf8 23. Qe2 Qf6 24. Re1 Qd8 25. Qxa6 Qd7 26. R1e3 f5 27. Re6
Kg8 28. Qc4 Kh8 29. Qe2 Qf7 30. Re8+ Rxe8 31. Rxe8+ Kh7 32. Qe6 Qxe6 33. Rxe6
Kg8 34. a3 Kf7 35. d5 Be7 36. Rc6 Bd6 37. a4 Kf6 38. Rc1 Ke5 39. Rd1 Bc5 40. Kg2
Bd4 41. b3 Kxd5 42. Kf3 Ke5 43. Re1+ Kd6 44. Re2 Be5 45. Ke3 Bf6 46. Kd3 Be5 47.
Kc4 c6 48. f4 Bf6 49. b4 Kc7 50. b5 cxb5+ 51. axb5 Kd6 52. Rd2+ Ke6 53. Ra2 Kd6
54. Ra8 Kc7 55. Kd5 Kd7 56. Ra7+ Kc8 57. Kc6 Bd4 58. Ra8# {Black checkmated} 1-0

[Event "Team 45 45 League T74"]
[Site "Internet Chess Club"]
[Date "2017.10.15"]
[Round "5"]
[White "kllrchris"]
[Black "cityprosecutor"]
[Result "1-0"]
[WhiteElo "1679"]
[BlackElo "1654"]
[Opening "Sicilian: dragon, Yugoslav attack, 10.O-O-O"]
[ECO "B78"]
[Time "23:05:31"]
[TimeControl "2700+45"]

1. e4 c5 2. Nf3 d6 3. d4 cxd4 4. Nxd4 Nf6 5. Nc3 g6 6. Be3 Bg7 7. f3 Nc6 8. Qd2
O-O 9. Bc4 Bd7 10. O-O-O Rc8 11. Bb3 Ne5 12. h4 h5 13. Bg5 Rc5 14. Kb1 a5 15. g4
hxg4 16. h5 Nxh5 17. Rxh5 gxh5 18. Nd5 Re8 19. Rh1 Nc4 20. Bxc4 Rxc4 21. Bh6 e6
22. Bxg7 Kxg7 23. Rxh5 Rh8 24. Rxh8 Kxh8 25. Qh6+ Kg8 26. Nf6+ Qxf6 27. Qxf6 g3
28. Ne2 g2 29. Qg5+ Kf8 30. Qxg2 Bb5 31. b3 {Black resigns} 1-0

[Event "Team 45 45 League T74"]
[Site "Internet Chess Club"]
[Date "2017.10.15"]
[Round "5"]
[White "Hal2001"]
[Black "WillC"]
[Result "0-1"]
[WhiteElo "1541"]
[BlackElo "1688"]
[Opening "Caro-Kann: classical variation"]
[ECO "B18"]
[Time "16:05:17"]
[TimeControl "2700+45"]

1. e4 c6 2. d4 d5 3. Nc3 dxe4 4. Nxe4 Bf5 5. Ng3 Bg6 6. N1e2 e5 7. dxe5 Qxd1+ 8.
Kxd1 Nd7 9. f4 Nh6 10. h3 O-O-O 11. Bd2 Bc5 12. Kc1 b5 13. Ba5 Nb6 14. Nc3 b4
15. Nd1 Rd5 16. Bxb6 Bxb6 17. Ba6+ Kc7 18. Ne2 Be4 19. Rh2 Rhd8 {White resigns}
0-1

[Event "Team 45 45 League T74"]
[Site "Internet Chess Club"]
[Date "2017.10.16"]
[Round "5"]
[White "JohLeb"]
[Black "elessar"]
[Result "1/2-1/2"]
[WhiteElo "1566"]
[BlackElo "1590"]
[Opening "QGD: 4.Nf3"]
[ECO "D37"]
[Time "12:59:19"]
[TimeControl "2700+45"]

1. d4 d5 2. c4 e6 3. Nf3 Nf6 4. Nc3 Be7 5. Bg5 O-O 6. cxd5 exd5 7. e3 c6 8. Be2
Nbd7 9. O-O Ne4 10. Bxe7 Qxe7 11. Rc1 Nd6 12. Qc2 Re8 13. Bd3 Nf6 14. Rfe1 Nde4
15. Ne5 Nxc3 16. bxc3 h6 17. c4 Be6 18. c5 Ng4 19. f4 Nxe5 20. fxe5 Rf8 21. Rf1
f6 22. exf6 Rxf6 23. Rxf6 Qxf6 24. Rf1 Qe7 25. Rf4 Rf8 26. Qf2 g5 27. Rxf8+ Qxf8
28. Qxf8+ Kxf8 {Game drawn by mutual agreement} 1/2-1/2

[Event "Team 45 45 League T74"]
[Site "Internet Chess Club"]
[Date "2017.10.14"]
[Round "5"]
[White "fledermaus"]
[Black "Ajolote"]
[Result "1-0"]
[WhiteElo "1827"]
[BlackElo "1784"]
[Opening "Queen's pawn game, Krause variation"]
[ECO "D02"]
[Time "12:01:51"]
[TimeControl "2700+45"]

1. Nf3 d5 2. d4 c5 3. c4 dxc4 4. d5 Nf6 5. Nc3 e6 6. e4 Be7 7. Bxc4 exd5 8. Nxd5
Nxe4 9. Bf4 Nd6 10. Qe2 Be6 11. O-O-O Bxd5 12. Bxd5 O-O 13. Bxb7 Nxb7 14. Rxd8
Nxd8 15. Qxe7 Nbc6 16. Qd7 Ne6 17. Qxc6 Nxf4 18. Qe4 Ne6 19. Kb1 Rfe8 20. Re1
Red8 21. Ne5 Nd4 22. Qb7 Re8 23. Qxf7+ Kh8 {Black resigns} 1-0

[Event "Team 45 45 League T74"]
[Site "Internet Chess Club"]
[Date "2017.10.16"]
[Round "5"]
[White "Tobiasdelmonte"]
[Black "LookImYourVader"]
[Result "1/2-1/2"]
[WhiteElo "1684"]
[BlackElo "1772"]
[Opening "English: symmetrical, Benoni formation"]
[ECO "A32"]
[Time "18:30:50"]
[TimeControl "2700+45"]

1. d4 Nf6 2. c4 c5 3. Nf3 e6 4. Nc3 cxd4 5. Nxd4 Bb4 6. Qb3 Bc5 7. e3 Nc6 8. Nf3
O-O 9. Be2 b6 10. O-O Bb7 11. a3 Qe7 12. Rd1 Rad8 13. Qc2 a5 14. e4 d6 15. h3 h6
16. Na4 e5 17. Nxc5 dxc5 18. b3 Rxd1+ 19. Bxd1 Nd4 20. Nxd4 Bxe4 21. Nf5 Qb7 22.
Nxh6+ gxh6 23. Qd2 Qd7 24. Qxd7 Nxd7 25. Bxh6 Rd8 26. f3 Bg6 27. Rc1 Kh7 28. Bg5
f6 29. Bh4 Kg7 30. Bc2 Nf8 31. Rd1 Rxd1+ 32. Bxd1 Ne6 33. Bf2 e4 34. b4 axb4 35.
axb4 exf3 36. bxc5 bxc5 37. Bxf3 Ng5 38. Bd5 Ne4 39. Be3 f5 40. Kf1 Bf7 41. Ke1
Nd6 42. Bxc5 Nxc4 43. Bxf7 Kxf7 44. Ke2 Kg6 45. Kd3 Ne5+ 46. Ke3 Nf7 47. Be7 Nh6
48. Kf4 Ng8 49. Bd8 Nh6 50. Bg5 Nf7 51. Be7 Nh6 52. g3 Nf7 53. Bf8 Ng5 54. h4
Ne6+ 55. Kf3 Nxf8 56. g4 {Game drawn by mutual agreement} 1/2-1/2

[Event "Team 45 45 League T74"]
[Site "Internet Chess Club"]
[Date "2017.10.16"]
[Round "5"]
[White "ChessRooklift"]
[Black "fireball"]
[Result "1-0"]
[WhiteElo "1699"]
[BlackElo "1580"]
[Opening "French: Winawer (Nimzovich) variation"]
[ECO "C15"]
[Time "19:11:02"]
[TimeControl "2700+45"]

1. e4 e6 2. Nc3 d5 3. d4 Bb4 4. exd5 exd5 5. Nf3 Nf6 6. Be2 O-O 7. O-O Nc6 8.
Bg5 Be7 9. Re1 h6 10. Bf4 Bd6 11. Ne5 Ne7 12. Qd2 Ne4 13. Nxe4 dxe4 14. Rad1
Bxe5 15. Bxe5 Ng6 16. Bg3 f5 17. Bc4+ Kh8 18. Bf4 Nxf4 19. Qxf4 g5 20. Qe3 Qf6
21. Be2 Be6 22. Bh5 Bf7 23. Bxf7 Rxf7 24. h3 Re8 25. Qb3 c6 26. d5 cxd5 27. Rxd5
Rfe7 28. Qb5 f4 29. Red1 e3 30. fxe3 fxe3 31. Rd8 Rxd8 32. Rxd8+ Kg7 33. Qe2
Qxb2 34. Qc4 Qe5 35. Qg8+ Kf6 36. Rf8+ Rf7 37. Qxf7# {Black checkmated} 1-0

[Event "Team 45 45 League T74"]
[Site "Internet Chess Club"]
[Date "2017.10.14"]
[Round "5"]
[White "cysk"]
[Black "WillC"]
[Result "1/2-1/2"]
[WhiteElo "1707"]
[BlackElo "1678"]
[Opening "Caro-Kann: advance variation"]
[ECO "B12"]
[Time "14:04:32"]
[TimeControl "2700+45"]

1. e4 c6 2. d4 d5 3. e5 Bf5 4. h4 h5 5. c4 e6 6. Nc3 Be7 7. cxd5 cxd5 8. Bd3
Bxd3 9. Qxd3 Nc6 10. Nf3 Nh6 11. Bg5 a6 12. O-O-O Nf5 13. Kb1 Qa5 14. Rc1 O-O
15. Bxe7 Nfxe7 16. Qd2 Nf5 17. Rhd1 Rac8 18. Ne2 Qxd2 19. Rxd2 Nb4 20. a3 Rxc1+
21. Nxc1 Nc6 22. Ne2 Rc8 23. Rc2 Nce7 24. Rxc8+ Nxc8 25. Kc2 Kf8 26. Kc3 Ke7 27.
g3 Nb6 28. Kb4 Kd7 29. b3 Kc6 30. Ng5 Nh6 31. Nf4 g6 32. Nd3 Na8 33. f3 Nc7 34.
a4 b6 35. Nf2 a5+ 36. Kc3 b5 37. g4 Na6 38. gxh5 gxh5 39. axb5+ Kxb5 40. Nd3 Nb4
41. Nf4 Nc6 42. Nxh5 Ne7 43. Nf6 Nef5 44. Ng4 Kc6 {Game drawn by mutual
agreement} 1/2-1/2

[Event "Team 45 45 League T74"]
[Site "Internet Chess Club"]
[Date "2017.10.14"]
[Round "5"]
[White "nealbruce"]
[Black "AVEMARIA"]
[Result "0-1"]
[WhiteElo "1655"]
[BlackElo "1601"]
[Opening "French: Tarrasch, open variation"]
[ECO "C07"]
[Time "08:01:21"]
[TimeControl "2700+45"]

1. e4 e6 2. d4 d5 3. Nd2 c5 4. Ngf3 Nc6 5. exd5 Qxd5 6. Bc4 Qd8 7. Nb3 cxd4 8.
Nfxd4 Nxd4 9. Qxd4 Qxd4 10. Nxd4 Nf6 11. Nb5 Bb4+ 12. c3 Ba5 13. Bf4 O-O 14.
O-O-O Bd7 15. g4 Bc6 16. Rhg1 Bb6 17. Nd4 Bd5 18. Bxd5 Nxd5 19. Bg3 a6 20. h4
Rac8 21. Kb1 Rc4 22. g5 Bc7 23. Bxc7 Rxc7 24. Rg4 Rfc8 25. Re4 Rxc3 26. h5 R3c4
27. g6 Nf6 28. gxf7+ Kxf7 29. Re5 R8c5 30. Nf3 Ke7 31. h6 gxh6 32. Rde1 Rxe5 33.
Nxe5 Re4 34. Rxe4 Nxe4 35. f4 Ng3 36. Ng4 h5 37. Nf2 Ne2 38. Nh3 Kf6 39. Kc2 Kf5
40. Kd2 Nxf4 41. Nf2 h4 42. Ke3 h5 43. Kf3 e5 44. a3 h3 45. Kg3 e4 46. Nh1 h4+
47. Kxh4 e3 48. Kg3 Ke4 49. b3 b5 50. a4 bxa4 51. bxa4 a5 52. Kh2 e2 53. Ng3+
Kf3 54. Nf1 e1=Q {White resigns} 0-1

[Event "Team 45 45 League T74"]
[Site "Internet Chess Club"]
[Date "2017.10.15"]
[Round "5"]
[White "creativechesski"]
[Black "kutch"]
[Result "0-1"]
[WhiteElo "1354"]
[BlackElo "1598"]
[Opening "Ruy Lopez: 5.O-O"]
[ECO "C78"]
[Time "18:00:35"]
[TimeControl "2700+45"]

1. e4 e5 2. Nf3 Nc6 3. Bb5 a6 4. Ba4 Nf6 5. O-O b5 6. Bb3 Bc5 7. a4 Bb7 8. c3 d6
9. d4 Bb6 10. dxe5 Nxe5 11. Nxe5 dxe5 12. Be3 Bxe3 13. fxe3 Bxe4 14. Bc2 Qxd1
15. Bxd1 Rd8 16. Be2 c6 17. axb5 axb5 18. Bf3 O-O 19. Bxe4 Nxe4 20. Na3 g6 21.
Rfd1 Rd2 22. Rxd2 Nxd2 23. Kf2 Rd8 24. Ke2 Ne4 25. Rd1 Rxd1 26. Kxd1 f5 27. Ke2
Kf7 28. Kf3 Ke6 29. g4 Kd5 30. gxf5 gxf5 31. Ke2 Nf6 32. Kd3 e4+ 33. Ke2 Ng4 34.
h3 Ne5 35. Nc2 c5 36. b4 cxb4 37. Nxb4+ Kc4 38. Kd2 h5 39. Nc2 Nf3+ 40. Kc1 Kxc3
41. Kd1 b4 42. Kc1 b3 43. Na3 Kd3 44. Kb2 Kxe3 45. Kxb3 Kf2 46. Nc2 e3 47. Kc3
e2 48. Kd3 e1=Q 49. Nxe1 Nxe1+ 50. Kd2 f4 51. Kd1 f3 52. Kd2 Kg2 53. Kxe1 f2+
54. Ke2 f1=Q+ 55. Ke3 Qf5 56. Ke2 Qf3+ 57. Kd2 Kf2 58. Kc2 Qe3 59. Kd1 Qe2+ 60.
Kc1 Qa2 61. Kd1 Ke3 62. Kc1 Kd3 63. Kd1 Qd2# {White checkmated} 0-1

[Event "Team 45 45 League T74"]
[Site "Internet Chess Club"]
[Date "2017.10.15"]
[Round "5"]
[White "Electryon"]
[Black "jadencheung"]
[Result "1-0"]
[WhiteElo "1485"]
[BlackElo "1326"]
[Opening "Queen's pawn: London system"]
[ECO "A45"]
[Time "10:31:10"]
[TimeControl "2700+45"]

1. d4 Nf6 2. Bf4 g6 3. Nc3 d5 4. e3 Bg7 5. h4 h5 6. Be2 Nc6 7. Nf3 Bg4 8. Ne5
Bxe2 9. Qxe2 Nxe5 10. dxe5 Nd7 11. Nxd5 Nxe5 12. O-O-O Qc8 13. f3 Qe6 14. Nxc7+
Kf8 15. Nxe6+ fxe6 16. Bxe5 Bxe5 17. Qb5 Bf6 18. Rd7 b6 19. Rhd1 Kf7 20. g3 Rhc8
21. Qa6 e5 22. Rxa7 Rxa7 23. Qxa7 Re8 24. Qxb6 e6 25. Rd7+ Be7 26. e4 Kf6 27.
Qb7 Kf7 28. g4 hxg4 29. fxg4 Kf8 30. h5 gxh5 31. gxh5 Bg5+ 32. Kd1 Rd8 33. Rxd8+
Bxd8 34. h6 Bf6 35. Qd7 Bh8 36. Qxe6 Bg7 37. hxg7+ Kxg7 38. Qxe5+ Kf7 39. Ke2
Kf8 40. Kf3 Kf7 41. Kg4 Kg6 42. Qe6+ Kg7 43. Kg5 Kh7 44. Qh6+ Kg8 45. Qe6+ Kf8
46. Kf5 Kg7 47. Qg6+ Kh8 48. Qh5+ Kg7 49. Ke6 Kg8 50. Kf6 Kf8 51. Qf7# {Black
checkmated} 1-0

[Event "Team 45 45 League T74"]
[Site "Internet Chess Club"]
[Date "2017.10.16"]
[Round "5"]
[White "leoshi"]
[Black "Visin"]
[Result "1/2-1/2"]
[WhiteElo "1288"]
[BlackElo "1197"]
[Opening "Ruy Lopez"]
[ECO "C70"]
[Time "12:00:41"]
[TimeControl "2700+45"]

1. e4 e5 2. Nf3 Nc6 3. Bb5 a6 4. Ba4 Be7 5. O-O d6 6. c3 Bd7 7. h3 Nf6 8. Re1
O-O 9. d4 Rc8 10. d5 Na7 11. Bc2 c6 12. dxc6 Nxc6 13. Nbd2 b5 14. b4 h6 15. Nb3
Nh7 16. Kf1 Be6 17. Kg1 f5 18. exf5 Bxf5 19. Bxf5 Rxf5 20. Qd5+ Kh8 21. Qe4 Qf8
22. Be3 Ng5 23. Nxg5 Bxg5 24. Bxg5 Rxg5 25. Rad1 Rf5 26. f3 Rf4 27. Qd3 Rd8 28.
Re4 d5 29. Rxf4 Qxf4 30. Qd2 Qf6 31. Qf2 Ne7 32. Nc5 Nf5 33. Nb3 d4 34. cxd4
Nxd4 35. Nxd4 Rxd4 36. Rxd4 exd4 37. Qd2 {Game drawn by mutual agreement}
1/2-1/2

[Event "Team 45 45 League T74"]
[Site "Internet Chess Club"]
[Date "2017.10.12"]
[Round "5"]
[White "Aquaman"]
[Black "Newbao"]
[Result "0-1"]
[WhiteElo "1284"]
[BlackElo "1273"]
[Opening "Réti: King's Indian attack"]
[ECO "A05"]
[Time "21:01:09"]
[TimeControl "2700+45"]

1. Nf3 Nf6 2. g3 g6 3. Bg2 Bg7 4. O-O O-O 5. d3 d5 6. Nbd2 c5 7. e4 dxe4 8. dxe4
Nc6 9. Re1 e5 10. c3 Bg4 11. Qb3 Qc7 12. Qc2 Rad8 13. h3 Bxf3 14. Nxf3 Rfe8 15.
Bd2 Re7 16. Rad1 Red7 17. b3 Ne7 18. Bf1 a6 19. Rb1 Rd6 20. Be3 b5 21. Bg2 c4
22. b4 a5 23. a3 axb4 24. axb4 Ra6 25. Bc5 Nc8 26. Red1 Rxd1+ 27. Rxd1 Nb6 28.
Bd6 Qc8 29. Be7 Nbd7 30. Nxe5 Re6 31. Bxf6 Nxf6 32. f4 g5 33. Qd2 Qe8 34. h4
gxf4 35. gxf4 Nh5 36. Ng4 Ng3 37. e5 Nf5 38. Qf2 h5 39. Nh2 Qe7 40. Nf3 Rg6 41.
Ng5 f6 42. exf6 Bxf6 43. Re1 Qd7 44. Bh3 Bxc3 45. Bxf5 Qxf5 46. Re4 Rxg5+ 47.
hxg5 Qxe4 48. Kh2 Bxb4 49. Kh3 Qf5+ 50. Kh2 Bd6 51. Kg2 Qxf4 52. Qb6 Qg3+ 53.
Kf1 Qf3+ 54. Kg1 Bg3 55. Qd8+ Qf8 56. Qd5+ Kg7 57. Qd4+ Kg6 58. Qb6+ Qd6 59. Qe3
Qf4 60. Qe6+ Kxg5 61. Qd5+ Kh4 62. Qd8+ Kh3 63. Qd7+ Qg4 64. Qd2 Bf4+ {White
resigns} 0-1

[Event "Team 45 45 League T74"]
[Site "Internet Chess Club"]
[Date "2017.10.13"]
[Round "5"]
[White "az2112"]
[Black "tuotuo123"]
[Result "0-1"]
[WhiteElo "1635"]
[BlackElo "1511"]
[Opening "Réti: King's Indian attack"]
[ECO "A05"]
[Time "22:00:38"]
[TimeControl "2700+45"]

1. Nf3 Nf6 2. g3 g6 3. Bg2 d5 4. d4 Bg7 5. O-O Nc6 6. c3 O-O 7. Nbd2 Ne4 8. Qc2
Bf5 9. Nh4 Nxg3 10. Nxf5 Nxf1 11. Nxf1 gxf5 12. Qxf5 e6 13. Qg4 f5 14. Qg3 Kh8
15. Bf4 Rc8 16. Nd2 Qf6 17. Nf3 Qg6 18. Bxc7 Qxg3 19. Bxg3 f4 20. Bh4 Bf6 21.
Bg5 Bxg5 22. Nxg5 Rce8 23. Kh1 h6 24. Nf3 e5 25. dxe5 Nxe5 26. Nd4 Nc6 27. Bf3
Nxd4 28. cxd4 b6 29. Re1 Rf5 30. Kg2 Rg5+ 31. Kh1 Re7 32. h4 Rf5 33. Bg4 Rf6 34.
Bf3 Rd6 35. Kh2 Rc7 36. Kh3 Rc2 37. Rb1 Rd2 {White resigns} 0-1

[Event "Team 45 45 League T74"]
[Site "Internet Chess Club"]
[Date "2017.10.13"]
[Round "5"]
[White "kwen2008"]
[Black "ChessMaine"]
[Result "1-0"]
[WhiteElo "1584"]
[BlackElo "1485"]
[Opening "French: Fort Knox variation"]
[ECO "C10"]
[Time "23:02:36"]
[TimeControl "2700+45"]

1. e4 e6 2. d4 d5 3. Nc3 dxe4 4. Nxe4 Bd7 5. Nf3 Bc6 6. Nc3 Nd7 7. a3 Ngf6 8.
Bc4 Be7 9. O-O Bxf3 10. Qxf3 c6 11. Bb3 O-O 12. Bf4 Nd5 13. Nxd5 cxd5 14. Rfe1
Nf6 15. Re5 Bd6 16. Rg5 Qc7 17. Bxd6 Qxd6 18. Qxf6 g6 19. Re1 Qc7 20. h4 h6 21.
Rg3 Rac8 22. h5 b5 23. hxg6 fxg6 24. Qxg6+ Kh8 25. Qxh6+ Qh7 26. Rxe6 {Black
resigns} 1-0

[Event "Team 45 45 League T74"]
[Site "Internet Chess Club"]
[Date "2017.10.13"]
[Round "5"]
[White "seattleblues"]
[Black "dinosaurchess"]
[Result "0-1"]
[WhiteElo "1339"]
[BlackElo "1352"]
[Opening "Grünfeld with Bf4 & e3"]
[ECO "D93"]
[Time "19:01:08"]
[TimeControl "2700+45"]

1. d4 Nf6 2. Nf3 g6 3. c4 Bg7 4. Nc3 d5 5. Bf4 O-O 6. e3 Re8 7. Be2 c6 8. O-O
Bf5 9. h3 Nbd7 10. c5 b6 11. b4 bxc5 12. bxc5 Nh5 13. Bh2 Nhf6 14. Ba6 Ne4 15.
Nxe4 dxe4 16. Nh4 Qa5 17. Bb7 Rad8 18. Nxf5 gxf5 19. Bxc6 Rf8 20. Qb3 Nxc5 21.
dxc5 Bxa1 22. Rxa1 Qxc5 23. Ba4 Qb6 24. Rc1 Qxb3 25. axb3 Rc8 26. Rxc8 Rxc8 27.
Bg3 Kg7 28. Bh2 Rc1# {White checkmated} 0-1

[Event "Team 45 45 League T74"]
[Site "Internet Chess Club"]
[Date "2017.10.15"]
[Round "5"]
[White "skywise"]
[Black "Conjurer"]
[Result "1-0"]
[WhiteElo "1517"]
[BlackElo "1228"]
[Opening "Sicilian defense"]
[ECO "B33"]
[Time "17:05:45"]
[TimeControl "2700+45"]

1. e4 c5 2. Nf3 Nc6 3. d4 cxd4 4. Nxd4 Nf6 5. Nc3 e6 6. Be2 a6 7. O-O b5 8. Nxc6
dxc6 9. Qxd8+ Kxd8 10. Rd1+ Bd7 11. Bf3 Be7 12. Bg5 h6 13. Bxf6 Bxf6 14. Rd2 Kc7
15. Rad1 Rad8 16. Re2 e5 17. Red2 Bg5 18. Rd3 Be6 19. b3 Rd7 20. Rxd7+ Bxd7 21.
Ne2 Rd8 22. Ng3 g6 23. b4 Be6 24. Rxd8 Bxd8 25. a3 Bc4 26. Be2 Kd6 27. Bxc4 bxc4
28. Kf1 c5 29. bxc5+ Kxc5 30. Ke2 Kd4 31. Kd2 Ba5+ 32. Kc1 Be1 33. f3 Ke3 34.
Nf5+ gxf5 35. exf5 h5 36. g4 h4 37. g5 Bd2+ 38. Kd1 c3 39. g6 fxg6 40. fxg6 Kxf3
41. g7 Kg2 42. g8=Q+ Kxh2 43. Ke2 Bf4 44. Qg4 h3 45. Kf2 {Black resigns} 1-0

[Event "Team 45 45 League T74"]
[Site "Internet Chess Club"]
[Date "2017.10.15"]
[Round "5"]
[White "justice02"]
[Black "ivanson"]
[Result "0-1"]
[WhiteElo "1653"]
[BlackElo "1756"]
[Opening "Ruy Lopez: closed, Bogolyubov variation"]
[ECO "C91"]
[Time "22:01:55"]
[TimeControl "2700+45"]

1. e4 e5 2. Nf3 Nc6 3. Bb5 a6 4. Ba4 Nf6 5. O-O Be7 6. Re1 b5 7. Bb3 d6 8. c3
O-O 9. d4 Bg4 10. d5 Na5 11. Bc2 Qc8 12. Nbd2 c6 13. Nf1 cxd5 14. exd5 Re8 15.
Ng3 Nc4 16. Ne4 Nxe4 17. Bxe4 f5 18. h3 fxe4 19. hxg4 exf3 20. Qxf3 Rf8 21. Qe4
Qc5 22. Re2 Bh4 23. Be3 Nxe3 24. fxe3 Rf4 25. Qd3 Raf8 26. Kh2 Rf2 27. Rh1 Rxe2
28. Qxe2 Bg5 29. Re1 Qxd5 30. Rd1 Qe6 31. b3 Qh6+ {White resigns} 0-1

[Event "Team 45 45 League T74"]
[Site "Internet Chess Club"]
[Date "2017.10.13"]
[Round "5"]
[White "QuieroAprender"]
[Black "Grenadier"]
[Result "0-1"]
[WhiteElo "1612"]
[BlackElo "1606"]
[Opening "Caro-Kann: anti-anti-Caro-Kann defense"]
[ECO "B10"]
[Time "20:17:26"]
[TimeControl "2700+45"]

1. e4 c6 2. c4 d5 3. Nc3 d4 4. Nce2 e5 5. d3 Nf6 6. Bd2 Be7 7. Nf3 Nbd7 8. b4
Qc7 9. Ng3 O-O 10. Nf5 Nb6 11. c5 Nbd7 12. Nxe7+ Kh8 13. Nxc8 Raxc8 14. h3 Rfe8
15. Nh4 Nf8 16. Nf5 Re6 17. g4 Ng6 18. g5 Ng8 19. Nd6 Rd8 20. Be2 b6 21. Bg4 Re7
22. h4 a5 23. a3 Nf4 24. Qf3 Ne6 25. Rc1 bxc5 26. Nf5 Ree8 27. bxc5 g6 28. Nh6
Nxh6 29. Qf6+ Kg8 30. gxh6 Rf8 31. Bxe6 fxe6 32. Qxe6+ Qf7 33. Qxf7+ Rxf7 34.
Bg5 Rdf8 35. Rc2 Rb8 36. Ke2 Rb3 37. Ra1 Kf8 38. Raa2 Rfb7 39. f4 exf4 40. Bxf4
Rb1 41. Be5 Rh1 42. Bxd4 Rxh4 43. Rab2 Rxb2 44. Bg7+ Ke7 45. Rxb2 Rh5 46. e5
Rh2+ 47. Ke3 Rxb2 48. Ke4 Ke6 49. Kd4 Rb3 50. Kc4 Rxa3 51. d4 Ra4+ 52. Kc3 g5
53. Bf6 g4 54. Bh4 g3 55. Kb3 Rxd4 56. Bxg3 Rd3+ {White resigns} 0-1

[Event "Team 45 45 League T74"]
[Site "Internet Chess Club"]
[Date "2017.10.12"]
[Round "5"]
[White "bmw2002"]
[Black "Demachaeron"]
[Result "0-1"]
[WhiteElo "1484"]
[BlackElo "1711"]
[Opening "English opening"]
[ECO "A20"]
[Time "22:07:32"]
[TimeControl "2700+45"]

1. c4 e5 2. g3 Nf6 3. Bg2 c6 4. Nc3 d5 5. cxd5 cxd5 6. Qb3 e4 7. d3 Nc6 8. Nh3
Bb4 9. dxe4 d4 10. a3 Ba5 11. O-O dxc3 12. bxc3 Qe7 13. Bf4 Nxe4 14. Rac1 O-O
15. Rfd1 Re8 16. Qc4 Bb6 17. Qd3 Bxh3 18. Bxh3 Nxf2 {White resigns} 0-1

[Event "Team 45 45 League T74"]
[Site "Internet Chess Club"]
[Date "2017.10.16"]
[Round "5"]
[White "limeinthecoke"]
[Black "GoIrish"]
[Result "1-0"]
[WhiteElo "1567"]
[BlackElo "1493"]
[Opening "King's Indian: Petrosian system"]
[ECO "E92"]
[Time "20:34:25"]
[TimeControl "2700+45"]

1. c4 Nf6 2. Nc3 g6 3. e4 d6 4. d4 Bg7 5. Nf3 O-O 6. Be2 e5 7. d5 Na6 8. O-O Nc5
9. Qc2 a5 10. Bg5 h6 11. Be3 Ne8 12. Nd2 f5 13. exf5 gxf5 14. f3 f4 15. Bxc5
dxc5 16. Nce4 Nd6 17. Nxd6 cxd6 18. Bd3 Qe7 19. Ne4 Bf5 20. Nxc5 Bxd3 21. Nxd3
e4 22. fxe4 Qxe4 23. Rae1 Qg6 24. Re6 Qf5 25. Rxf4 Bd4+ 26. Kh1 Qg5 27. Ree4 Be5
28. Rxf8+ Rxf8 29. g3 Qf5 30. Qe2 Kh8 31. Nxe5 dxe5 32. Rxe5 Qh3 33. Kg1 Qd7 34.
b3 Qd6 35. Re6 {Black resigns} 1-0